 Dungeon Sprint DCSS version 0.31-a0-1458-g2f8d4710b4 (webtiles) character file.

Game seed: 13579386907741639163

24213 Groucho the Imperceptible (level 12, -28/76 HPs)
             Began as a Felid Berserker on Dec 28, 2023.
             Was the Champion of Trog.
             Shot with an arrow by a deep elf master archer (44 damage)
             ... in the Dungeon (Sprint I: "Red Sonja").
             The game lasted 00:15:09 (4629 turns).

Groucho the Imperceptible (Felid Berserker)         Turns: 4629, Time: 00:15:11

Health: -28/76     AC:  3    Str: 19    XL:     12   Next: 78%
Magic:  13/13      EV: 41    Int: 12    God:    Trog [******]
Gold:   1355       SH:  0    Dex: 22    Spells: 11/11 levels left
                                        Lives:  0   Deaths: 3

rFire   . .          .
                       - Unarmed
rCold   + . .        (shield unavailable)
rNeg    . . .        (body armour unavailable)
rPois   +            (helmet unavailable)
rElec   .            (cloak unavailable)
rCorr   .            (gloves unavailable)
SInv    +            (boots unavailable)
Will    +....        (no amulet)
Stlth   ++++++++++   i - ring of Pefep {rPois EV+5 Str+6}
HPRegen 0.32/turn    j - ring of flight
MPRegen 0.13/turn

%: no teleportation
@: flying
A: very small, claws 1, fangs 3, see invisible, shaggy fur 3, stealthy paws, no
weapons or thrown items, no armour, multi-lived, thin skeletal structure 1
a: Renounce Religion, Berserk, Trog's Hand, Brothers in Arms


You were in the Dungeon.
You worshipped Trog.
Trog was exalted by your worship.
You visited 1 branch You collected 3297 gold pieces.
You spent 1942 gold pieces at shops.

Inventory:

Jewellery
 i - the ring of Pefep (left paw) {rPois EV+5 Str+6}
   (You bought it in a shop in the Dungeon)

   [ring of evasion]

   EV+5:      It affects your evasion (+5).
   Str+6:     It affects your strength (+6).
   rPois:     It protects you from poison
 j - a ring of flight (right paw)
 m - a ring of protection from fire
 n - a ring of resist corrosion
 p - a +5 ring of evasion
Wands
 g - a wand of mindburst (10)
 h - a wand of iceblast (4)
Scrolls
 f - 3 scrolls of identify {unknown}
 l - a scroll of silence {unknown}
 q - a scroll of vulnerability {unknown}
 s - a scroll of revelation {unknown}
Potions
 a - 5 potions of curing
 b - a potion of lignification {unknown}
 d - 2 potions of magic
 e - a potion of berserk rage
 k - a potion of mutation
Miscellaneous
 o - a lightning rod (4/4)


   Skills:
 + Level 15.0 Fighting
 + Level 19.0 Dodging
 - Level 23.0 Stealth
 + Level 15.0 Unarmed Combat
 * Level 17.2 Evocations


You had 11 spell levels left.
You didn't know any spells.
Your spell library was empty.

Dungeon Overview and Level Annotations

Branches:
Dungeon (1/1)

Altars:
Cheibriados
Dithmenos
Elyvilon
Fedhas
Gozag
Hepliaklqana
Kikubaaqudgha
Makhleb
Nemelex Xobeh
Okawaru
Qazlal
Ru
Sif Muna
Trog
Uskayaw
Vehumet
Wu Jian
Xom
Yredelemnul
Zin
The Shining One
Jiyva
Lugonu

Shops:
D (=:((=(!=*![(!:?!:*[*(


Innate Abilities, Weirdness & Mutations

You have sharp claws.
You have razor-sharp teeth.
You have supernaturally acute eyesight. (SInv)
Your thick and shaggy fur keeps you warm. (AC +3, rC+)
Your paws help you pounce on unaware monsters.
You are incapable of wielding weapons or throwing items.
You cannot wear armour.
You gain extra lives every three experience levels.
You have a somewhat thin skeletal structure. (Dex +2, Stealth+)


Message History

The arrow hits you!!
Unknown command.
Aiming: Thunderbolt
Press: ? - help, Shift-Dir - straight line, f - you, p - deep elf master archer
Okay, then.
Aiming: Mindburst
Press: ? - help, Shift-Dir - straight line, f/p - deep elf master archer
Aim: a deep elf master archer, wielding a +0 longbow and wearing the +0 chain mail "Uclex" {rElec Regen+ Int-3 Dex-4} (heavily wounded, chance to affect: 44%)
The deep elf master archer resists with some effort.
The deep elf master archer shoots an arrow.
The arrow completely misses you.
The deep elf master archer shoots an arrow.
The arrow barely misses you.
Unknown command.
Aiming: Mindburst
Press: ? - help, Shift-Dir - straight line, f/p - deep elf master archer
Aim: a deep elf master archer, wielding a +0 longbow and wearing the +0 chain mail "Uclex" {rElec Regen+ Int-3 Dex-4} (heavily wounded, chance to affect: 44%)
The deep elf master archer resists with some effort.
The deep elf master archer shoots an arrow.
The arrow hits you!!
The deep elf master archer shoots an arrow.
The arrow barely misses you.
Unknown command.
Aiming: Mindburst
Press: ? - help, Shift-Dir - straight line, f/p - deep elf master archer
Aim: a deep elf master archer, wielding a +0 longbow and wearing the +0 chain mail "Uclex" {rElec Regen+ Int-3 Dex-4} (heavily wounded, chance to affect: 44%)
The deep elf master archer resists with some effort.
The deep elf master archer shoots an arrow.
The arrow completely misses you.
The deep elf master archer shoots an arrow.
The arrow hits you!!
* * * LOW HITPOINT WARNING * * *
Unknown command.
You feel better.
The deep elf master archer shoots an arrow.
The arrow misses you.
The deep elf master archer shoots an arrow.
The arrow hits you!!!
Ouch! That really hurt!
You die...

#######################
§§§§'§.....§..#..'§...#
.####..§§.##..').#.§..##
.#
##§.§#######§#§§§..#####
§#+#$###+#
*#§§#§§.§§#§§§# ##..$#y#
#§)##§§§§#(§.# .#..$###
#..≈###§##...# °'..$$$#
#.@≈.)#(####'# .#.....#
#..≈.##'#§§§.## °###++##
#..≈##...§§.§.## ## ,
###..≈#..§.§.§...# # **
#.≈.†##.....§....## #
#.≈..#............# #
###.)#............# # ,
#.e.†##..........##
#.##'##..........#


You could see a deep elf master archer.

Vanquished Creatures
  the Lernaean hydra (D)
  A golden dragon (D)
  A shadow dragon (D)
  A lorocyproca (D)
  A deep elf annihilator (D)
  A mummy priest (D)
  2 centaur warriors (D)
  A hydra (D)
  Sonja (D)
  A deep troll (D)
  A lindwurm (D)
  2 oklob plants (D)
  3 shining eyes (D)
  2 merfolk sirens (D)
  2 gargoyles (D)
  2 unseen horrors (D)
  2 kobold demonologists (D)
  A hellwing (D)
  4 hornets (D)
  3 glass eyes (D)
  A slime creature (D)
  Sigmund (D)
  13 hogs (D)
  A yak (D)
  2 redbacks (D)
  An ogre (D)
  7 necrophages (D)
  8 jellies (D)
  Ijyb (D)
68 creatures vanquished.

Vanquished Creatures (collateral kills)
  4 demonic crawlers (D)
  5 shining eyes (D)
  4 glass eyes (D)
13 creatures vanquished.

Vanquished Creatures (others)
  A hornet (D)
  2 ballistomycete spores (D)
3 creatures vanquished.

Grand Total: 84 creatures vanquished

Notes
Turn   | Place    | Note
-------+----------+-------------------------------------------
     0 | D        | Groucho the Felid Berserker began the quest for the Orb.
     0 | D        | Reached XP level 1. HP: 12/12 MP: 2/2
     2 | D        | Noticed Ijyb
     7 | D        | Blown up by Ijyb
     7 | D        | Lost a life (0 lives remaining)
    12 | D        | Killed Ijyb
    13 | D        | Reached skill level 8 in Stealth
    13 | D        | Reached XP level 2. HP: 15/16 MP: 3/3
   158 | D        | Noticed an ogre
   160 | D        | Killed an ogre
   161 | D        | Reached skill level 12 in Stealth
   161 | D        | Reached XP level 3. HP: 20/20 MP: 4/4
   161 | D        | Reached XP level 4. HP: 24/24 MP: 5/5
   161 | D        | Gained a life (1 life remaining)
   169 | D        | Noticed Sigmund
   174 | D        | Killed Sigmund
   174 | D        | Reached ** piety under Trog
   175 | D        | Reached skill level 17 in Stealth
   175 | D        | Reached XP level 5. HP: 28/28 MP: 6/6
   175 | D        | Gained mutation: You are covered in thick fur. (AC +2)
                  | [Felid growth]
   175 | D        | Reached XP level 6. HP: 32/32 MP: 7/7
   188 | D        | Found an ornate altar of the Wu Jian Council.
   188 | D        | Found a shimmering blue altar of Sif Muna.
   404 | D        | Found a radiant altar of Vehumet.
   413 | D        | Found Amigeczu's Antique Weapon Emporium.
   413 | D        | Found an ancient bone altar of Kikubaaqudgha.
   413 | D        | Found a stormy altar of Qazlal.
   413 | D        | Found a blossoming altar of Fedhas.
   413 | D        | Found a bloodstained altar of Trog.
   413 | D        | Found an iron altar of Okawaru.
   413 | D        | Found a glowing golden altar of the Shining One.
   413 | D        | Found a glowing silver altar of Zin.
   413 | D        | Found a white marble altar of Elyvilon.
   413 | D        | Noticed a yak
   414 | D        | Found a hazy altar of Hepliaklqana.
   414 | D        | Found a hide-covered altar of Uskayaw.
   414 | D        | Found a basalt altar of Yredelemnul.
   414 | D        | Found an opulent altar of Gozag.
   414 | D        | Found a snail-covered altar of Cheibriados.
   414 | D        | Found a sacrificial altar of Ru.
   414 | D        | Found a shadowy altar of Dithmenos.
   415 | D        | Killed a yak
   416 | D        | Reached skill level 19 in Stealth
   416 | D        | Found a sparkling altar of Nemelex Xobeh.
   455 | D        | Found a burning altar of Makhleb.
   455 | D        | Found a shimmering altar of Xom.
   455 | D        | Noticed a slime creature
   456 | D        | Found a viscous altar of Jiyva.
   456 | D        | Found a corrupted altar of Lugonu.
   458 | D        | Killed a slime creature
   459 | D        | Reached skill level 21 in Stealth
   459 | D        | Reached XP level 7. HP: 36/36 MP: 8/8
   459 | D        | Gained a life (2 lives remaining)
   479 | D        | Noticed a centaur warrior
   482 | D        | Noticed a centaur warrior
   483 | D        | Killed a centaur warrior
   483 | D        | Reached *** piety under Trog
   484 | D        | Reached skill level 5 in Fighting
   484 | D        | Reached skill level 5 in Unarmed Combat
   484 | D        | Reached XP level 8. HP: 25/44 MP: 9/9
   490 | D        | Killed a centaur warrior
   491 | D        | Reached skill level 22 in Stealth
   537 | D        | Noticed a hornet
   540 | D        | Killed a hornet
   541 | D        | Reached XP level 9. HP: 50/50 MP: 10/10
   551 | D        | Noticed an oklob plant
   553 | D        | Killed an oklob plant
   554 | D        | Reached skill level 10 in Dodging
   560 | D        | Reached skill level 23 in Stealth
   562 | D        | Reached **** piety under Trog
   892 | D        | Noticed an unseen horror
   893 | D        | Noticed an unseen horror
   909 | D        | Killed an unseen horror
   916 | D        | Killed an unseen horror
  1240 | D        | Reached ***** piety under Trog
  1538 | D        | Reached skill level 10 in Unarmed Combat
  1538 | D        | Reached XP level 10. HP: 40/59 MP: 11/11
  1543 | D        | Reached ****** piety under Trog
  1544 | D        | Reached skill level 10 in Fighting
  1568 | D        | Found Caechagad's Distillery.
  1568 | D        | Found Xushrise's Weapon Shop.
  1568 | D        | Found Repnidup's Jewellery Boutique.
  1570 | D        | Found Huirij's Assorted Antiques.
  1570 | D        | Found Kewehucu's Distillery.
  1570 | D        | Found Hopoiruk's Antique Armour Shoppe.
  1570 | D        | Found Atuit's Weapon Boutique.
  1570 | D        | Found Ruomem's Distillery.
  1570 | D        | Found Fafuwyng's Book Shop.
  1570 | D        | Found Yfoyrgh's Magic Scroll Shoppe.
  1576 | D        | Found Zemn's Distillery.
  1577 | D        | Found Rolatz's Assorted Antiques.
  1577 | D        | Found Ackeefag's Book Boutique.
  1578 | D        | Found Houfadac's General Store.
  1587 | D        | Bought the ring of Pefep {rPois EV+5 Str+6} for 777 gold
                  | pieces
  1599 | D        | Bought a ring of flight for 245 gold pieces
  1599 | D        | Bought a ring of fire for 350 gold pieces
  1639 | D        | Noticed a deep troll
  1641 | D        | Killed a deep troll
  1653 | D        | Found Teory's Armour Emporium.
  1665 | D        | Noticed Sonja
  1670 | D        | Killed Sonja
  1671 | D        | Reached skill level 5 in Evocations
  1718 | D        | Found Dolu's Antique Weapon Boutique.
  1733 | D        | Noticed a shining eye
  1733 | D        | Noticed a shining eye
  1733 | D        | Noticed a shining eye
  1733 | D        | Noticed a shining eye
  1733 | D        | Noticed a shining eye
  1733 | D        | Noticed a shining eye
  1735 | D        | Killed a shining eye
  1738 | D        | Gained mutation: You sometimes lose your temper in combat.
                  | [a shining eye]
  1739 | D        | Killed a shining eye
  1739 | D        | Killed a shining eye
  1739 | D        | Gained mutation: You have hidden genetic defects. [a
                  | shining eye]
  1739 | D        | Gained mutation: You occasionally shout uncontrollably at
                  | your foes. [a shining eye]
  1741 | D        | Gained mutation: You occasionally lose the ability to drink
                  | potions when taking damage. [a shining eye]
  1742 | D        | Killed a shining eye
  1743 | D        | Killed a shining eye
  1744 | D        | Reached XP level 11. HP: 66/66 MP: 12/12
  1744 | D        | Killed a shining eye
  1748 | D        | Gained mutation: You are frail. (-10% HP) [hidden defects]
  1762 | D        | Noticed a shining eye
  1762 | D        | Noticed a shining eye
  1771 | D        | Killed a shining eye
  1772 | D        | Reached skill level 15 in Dodging
  1776 | D        | Killed a shining eye
  1777 | D        | Reached skill level 10 in Evocations
  1779 | D        | Found Zewoghe's Jewellery Shoppe.
  1779 | D        | Found Natyg's Jewellery Boutique.
  1779 | D        | Found Dieliamm's Book Emporium.
  1780 | D        | Found Ran Zez's Weapon Shop.
  1799 | D        | Bought a ring of protection from fire for 250 gold pieces
  1842 | D        | Noticed a demonic crawler
  1842 | D        | Noticed a demonic crawler
  1842 | D        | Noticed a demonic crawler
  1842 | D        | Noticed a demonic crawler
  1846 | D        | Killed a demonic crawler
  1848 | D        | Killed a demonic crawler
  1849 | D        | Killed a demonic crawler
  1850 | D        | Killed a demonic crawler
  1852 | D        | Gained mutation: You have terrible hidden genetic defects.
                  | [hidden defects]
  1852 | D        | Lost mutation: You have terrible hidden genetic defects.
                  | [hidden defects expressed]
  1996 | D        | Noticed a lorocyproca
  2010 | D        | Noticed a lindwurm
  2021 | D        | Killed a lindwurm
  2292 | D        | Gained mutation: You are dopey. (Int -2) [hidden defects]
  2499 | D        | Killed a lorocyproca
  2508 | D        | Bought 2 potions of mutation for 160 gold pieces
  2508 | D        | Bought 2 potions of mutation for 160 gold pieces
  2508 | D        | Lost mutation: You occasionally shout uncontrollably at
                  | your foes. [potion of mutation]
  2508 | D        | Lost mutation: You sometimes lose your temper in combat.
                  | [potion of mutation]
  2508 | D        | Gained mutation: You passively map a small area around you.
                  | [potion of mutation]
  2508 | D        | Lost mutation: You are frail. (-10% HP) [potion of
                  | mutation]
  2509 | D        | Lost mutation: You passively map a small area around you.
                  | [potion of mutation]
  2509 | D        | Lost mutation: You occasionally lose the ability to drink
                  | potions when taking damage. [potion of mutation]
  2509 | D        | Gained mutation: Your flesh is cold resistant. (rC+)
                  | [potion of mutation]
  2510 | D        | Lost mutation: You have hidden genetic defects. [potion of
                  | mutation]
  2510 | D        | Lost mutation: Your flesh is cold resistant. (rC+) [potion
                  | of mutation]
  2510 | D        | Lost mutation: You are dopey. (Int -2) [potion of mutation]
  2510 | D        | Gained mutation: You have a somewhat thin skeletal
                  | structure. (Dex +2, Stealth+) [potion of mutation]
  2726 | D        | Noticed a 12-headed hydra
  2728 | D        | Killed a 12-headed hydra
  2729 | D        | Gained mutation: Your thick and shaggy fur keeps you warm.
                  | (AC +3, rC+) [Felid growth]
  2729 | D        | Reached XP level 12. HP: 73/73 MP: 13/13
  2791 | D        | Noticed a shadow dragon
  2791 | D        | Noticed a golden dragon
  2796 | D        | Killed a shadow dragon
  2798 | D        | Killed a golden dragon
  2799 | D        | Reached skill level 15 in Evocations
  2866 | D        | Found Qepluut's Antique Weapon Shoppe.
  2911 | D        | Noticed a deep elf annihilator
  3436 | D        | Killed a deep elf annihilator
  3859 | D        | Noticed a mummy priest
  3862 | D        | Killed a mummy priest
  4399 | D        | Noticed the 27-headed Lernaean hydra
  4402 | D        | HP: 2/75 [the 27-headed Lernaean hydra (2)]
  4402 | D        | Mangled by the 27-headed Lernaean hydra
  4402 | D        | Lost a life (1 life remaining)
  4459 | D        | Mangled by the 27-headed Lernaean hydra
  4459 | D        | Lost a life (0 lives remaining)
  4464 | D        | Killed the 27-headed Lernaean hydra
  4465 | D        | Reached skill level 15 in Fighting
  4465 | D        | Reached skill level 15 in Unarmed Combat
  4624 | D        | Identified the +0 chain mail "Uclex" {rElec Regen+ Int-3
                  | Dex-4}
  4624 | D        | Noticed a deep elf master archer
  4629 | D        | Shot with an arrow by a deep elf master archer

Illustrated notes

Levels and vault maps discovered:
D:        dungeon_sprint_1 [red_sonja_temple_1, red_sonja_temple_small_1]

Skill      XL: |  1  2  3  4  5  6  7  8  9 10 11 12 |
---------------+-------------------------------------+-----
Stealth        | 8 12 17 21 22 23 | 23.0
Fighting       | 5 7 9 11 13 15 | 15.0
Dodging        | 7 9 12 14 17 19 | 19.0
Unarmed Combat | 5 7 10 11 13 15 | 15.0
Evocations     | 9 14 17 | 17.2

Action                     |  1- 3 |  4- 6 |  7- 9 | 10-12 || total
---------------------------+-------+-------+-------+-------++-------
  Melee: Unarmed           |     6 |     9 |    59 |   105 ||   179
         Bite              |     1 |     3 |    14 |    12 ||    30
         Punch             |       |       |     4 |     7 ||    11
 Invoke: Berserk           |     2 |     1 |     2 |     2 ||     7
         Trog's Hand       |       |       |     3 |     4 ||     7
         Brothers in Arms  |       |       |       |     5 ||     5
  Evoke: Wand              |       |       |       |    17 ||    17
         Lightning rod     |       |       |       |    14 ||    14
    Use: Scroll            |       |       |     1 |       ||     1
         Potion            |       |       |       |     6 ||     6
   Stab: Sleeping          |     1 |     2 |     8 |    10 ||    21
 Armour: Skin              |     1 |     1 |    18 |    58 ||    78
  Dodge: Dodged            |     1 |     4 |    67 |   154 ||   226

Table legend: (Time is in decaauts)
 A = Elapsed time spent in this place.
 B = Non-inter-level travel time spent in this place.
 C = Inter-level travel time spent in this place.
 D = Time resting spent in this place.
 E = Time spent auto-exploring this place.
 F = Levels seen in this place.
 G = Mean time per level.
                   A        B        C        D        E       F      G
               +--------+--------+--------+--------+--------+-----+--------+
         Total |   4640 |   4572 |     68 |   3439 |      0 |   1 | 4640.0 |
       Dungeon |   4640 |   4572 |     68 |   3439 |      0 |   1 | 4640.0 |
               +--------+--------+--------+--------+--------+-----+--------+

Top non-repeatable levels by time:
       D: 4640 daAuts
